 Dungeon Crawl Stone Soup version 0.27-a0-29-g2d0a2396b0 (webtiles) character file.

Game seed: 16963604684706835897

13937 HoaS the Grappler (level 11, -5/107 HPs)
             Began as a Troll Gladiator on Jan 3, 2021.
             Was a High Priest of Makhleb.
             Slain by an orc warrior
             ... wielding a +0 trident
              (15 damage)
             ... on level 2 of the Orcish Mines.
             The game lasted 00:32:10 (10239 turns).

HoaS the Grappler (Troll Gladiator)                Turns: 10239, Time: 00:32:10

Health: -5/107     AC: 13    Str: 29    XL:     11   Next: 82%
Magic:  10/10      EV: 13    Int:  4    God:    Makhleb [*****.]
Gold:   1527       SH:  0    Dex: 14    Spells: 10/10 levels left

rFire    . . .     SeeInvis .     - Unarmed
rCold    . . .     Faith    .   (no shield)
rNeg     . . .     Spirit   .   G - +0 acid dragon scales
rPois    .         Reflect  .   b - +0 hat
rElec    +         Harm     .   H - +0 cloak of the Volcano {rElec Str+5}
rCorr    +         Rampage  .   (gloves unavailable)
Will     .....                  (boots unavailable)
Stlth    ++........             (no amulet)
HPRegen  0.67/turn              j - ring of stealth
MPRegen  0.12/turn              z - +4 ring of slaying

@: lethally poisoned (-5 -> -5)
A: large, unfitting armour, claws 3, regeneration 1, shaggy fur 1, tough skin 3
a: Renounce Religion, Minor Destruction, Lesser Servant of Makhleb, Major
Destruction, Greater Servant of Makhleb


You were on level 2 of the Orcish Mines.
You worshipped Makhleb.
Makhleb was extremely pleased with you.
You visited 4 branches of the dungeon, and saw 14 of its levels.
You also visited: Ossuary, Bailey and Ice Cave.

You collected 2127 gold pieces.
You spent 600 gold pieces at shops.

Inventory:

Missiles
 e - a throwing net
 g - 11 boomerangs (quivered)
 i - 2 javelins
 k - 3 atropa-tipped darts
 o - 52 poisoned darts
 F - 4 curare-tipped darts
Armour
 b - a +0 hat (worn)
 G - +0 acid dragon scales (worn)
 H - the +0 cloak of the Volcano (worn) {rElec Str+5}
   (You found it in a bailey)

   It affects your strength (+5).
   It insulates you from electricity.
Jewellery
 c - the cursed ring of the Townfolk {rC- rN++ AC-4 Int+4, unknown}
   (You found it in a bailey)

   [ring of protection]

   It affects your AC (-4).
   It affects your intelligence (+4).
   It makes you vulnerable to cold.
   It greatly protects you from negative energy.
   It has a curse placed upon it.
 h - an uncursed ring of resist corrosion
 j - a ring of stealth (left claw)
 z - a +4 ring of slaying (right claw)
 D - an uncursed ring of protection from fire
Wands
 a - a wand of acid (15)
 n - a wand of paralysis (8)
 y - a wand of enslavement (21)
 A - a wand of disintegration (6)
Scrolls
 d - 5 scrolls of teleportation
 l - 3 scrolls of remove curse
Potions
 f - 3 potions of lignification
 m - 3 potions of mutation
 q - 5 potions of flight
 r - 5 potions of haste
 t - a potion of heal wounds {unknown}
 u - 2 potions of attraction {unknown}
 v - 3 potions of invisibility
 w - 3 potions of might {unknown}
 x - 2 potions of curing {unknown}
 B - a potion of cancellation {unknown}
 C - a potion of brilliance {unknown}
 E - a potion of ambrosia {unknown}


   Skills:
 + Level 6.7 Fighting
 - Level 1.7 Throwing
 + Level 6.6 Armour
 + Level 6.7 Dodging
 + Level 13.7 Unarmed Combat


You had 10 spell levels left.
You didn't know any spells.
Your spell library contained the following spells:

 Spells                   Type           Power        Failure   Level
 Animate Skeleton         Necr           0%           54%         1
 Magic Dart               Conj           0%           54%         1
 Pain                     Necr           0%           54%         1
 Blink                    Tloc           N/A          69%         2
 Call Imp                 Summ           0%           69%         2
 Searing Ray              Conj           0%           69%         2
 Slow                     Hex            0%           69%         2
 Conjure Flame            Conj/Fire      0%           89%         3
 Dazzling Flash           Conj/Hex       0%           89%         3
 Mephitic Cloud           Conj/Pois/Air  0%           89%         3
 Vampiric Draining        Necr           0%           89%         3
 Animate Dead             Necr           0%           100%        4
 Cause Fear               Hex            0%           100%        4
 Fulminant Prism          Conj/Hex       0%           100%        4
 Iskenderun's Mystic Bla  Conj/Tloc      0%           100%        4
 Agony                    Necr           0%           100%        5
 Silence                  Hex/Air        0%           100%        5
 Yara's Violent Unravell  Hex/Tmut       0%           100%        5
 Discord                  Hex            0%           100%        8


Dungeon Overview and Level Annotations

Branches:
Dungeon (10/15)            Temple (1/1) D:4            Lair (1/6) D:8
    Orc (2/2) D:10            Elf (0/3) Orc:2       Ossuary (visited)
 Bailey (visited)           IceCv (visited)

Altars:
Ashenzari
Cheibriados
Dithmenos
Elyvilon
Fedhas
Gozag
Hepliaklqana
Kikubaaqudgha
Makhleb
Nemelex Xobeh
Okawaru
Qazlal
Ru
Sif Muna
Trog
Uskayaw
Vehumet
Wu Jian
Xom
Yredelemnul
Zin
The Shining One
Beogh

Shops:
D:4 }   D:10 }   Orc:2 *


Innate Abilities, Weirdness & Mutations

You are too large for most types of armour.
You have claws for hands.
Your natural rate of healing is unusually fast.
You are covered in fur. (AC +1)
You have extremely tough skin. (AC +3)


Message History

You kill the orc warrior!
Makhleb accepts your kill.
You feel better.
The orc warrior hits you from afar with a +0 trident!!
* * * LOW HITPOINT WARNING * * *
You barely miss the orc.
The orc warrior no longer looks unusually strong.
The orc high priest mumbles some strange prayers to Beogh.
The orc hits you but does no damage.
You mangle the orc!!
You kill the orc!
Makhleb accepts your kill.
You feel better. The orc warrior misses you.
Okay, then.
You mangle the orc priest!!
You kill the orc priest!
Makhleb accepts your kill.
You feel better.
You feel sick.
The orc warrior hits you from afar with a +0 trident!
You die...

#.......#.#.#.#.
###<....#...
##.....4##....
#..8.o4.# ##....
##....o.# ##..
##....)..# #
#...)#o###### #
##.##)).....##..
###@#.##.......
#....#........
#............#
##............
###)))....... #
#...)....... . .
##.......... ..
#.##.##).......
#..#.#....#........


You could see an orc high priest, a rust devil (summoned), a chaos spawn
(summoned) and an orc warrior.

Vanquished Creatures
  A two-headed ogre (Orc:1)
  An ugly thing (D:8)
  3 orc knights
  An orc sorcerer (Orc:1)
  Joseph (D:10)
  A rime drake (IceCv)
  2 trolls
  Grinder (D:3)
  A wyvern (D:10)
  Sigmund (D:3)
  4 yaks (D:8)
  5 wargs
  An acid dragon (D:8)
  8 ice beasts
  2 sky beasts (D:5)
  2 phantoms
  A black bear (D:8)
  22 orc warriors
  9 ogres
  2 wolves (D:7)
  4 centaurs
  7 big kobolds
  5 bullfrogs
  2 gnoll sergeants
  13 killer bees (D:8)
  4 scorpions
  A howler monkey (D:5)
  3 electric eels (D:8)
  A jelly (D:10)
  A bullfrog zombie (D:8)
  8 hounds
  20 orc priests
  A bullfrog skeleton (D:8)
  2 centaur skeletons
  Jessica (D:2)
  Ijyb (D:4)
  Natasha (thrice) (D:2)
  2 iguanas
  15 orc wizards
  3 worker ants
  8 mummies (Ossuary)
  Robin (D:3)
  A worker ant zombie (D:8)
  7 gnolls
  8 adders
  A white imp (D:8)
  4 ufetubi
  An ooze (D:1)
  2 adder zombies (D:5)
  An adder skeleton (D:6)
  6 leopard geckos
  99 orcs
  2 ball pythons (D:2)
  3 giant cockroaches
  14 goblins
  9 hobgoblins
  8 jackals
  41 kobolds
  7 quokkas
  10 bats
  A frilled lizard (D:3)
  A gnoll zombie (Ossuary)
  3 hobgoblin zombies (Ossuary)
  A kobold zombie (Ossuary)
  3 orc zombies (Ossuary)
  5 rats
413 creatures vanquished.

Vanquished Creatures (others)
  An orc (Orc:1)
  6 plants (Lair:1)
7 creatures vanquished.

Grand Total: 420 creatures vanquished

Notes
Turn   | Place    | Note
-------+----------+-------------------------------------------
     0 | D:1      | HoaS the Troll Gladiator began the quest for the Orb.
     0 | D:1      | Reached XP level 1. HP: 19/19 MP: 0/0
   194 | D:1      | Reached XP level 2. HP: 27/27 MP: 1/1
   713 | D:2      | Noticed Natasha
   718 | D:2      | Killed Natasha
   719 | D:2      | Reached skill level 4 in Unarmed Combat
   719 | D:2      | Reached XP level 3. HP: 31/33 MP: 2/2
   889 | D:2      | Noticed Jessica
   890 | D:2      | Noticed Natasha
   896 | D:2      | Killed Jessica
   897 | D:2      | Reached skill level 5 in Unarmed Combat
   897 | D:2      | Reached XP level 4. HP: 39/41 MP: 3/3
   903 | D:2      | Killed Natasha
  1017 | D:2      | Noticed Natasha
  1043 | D:2      | Killed Natasha
  1044 | D:2      | Reached XP level 5. HP: 23/48 MP: 4/4
  1115 | D:2      | Found a bloodstained altar of Trog.
  1115 | D:2      | Found an iron altar of Okawaru.
  1230 | D:3      | Noticed Grinder
  1384 | D:4      | Reached skill level 6 in Unarmed Combat
  1486 | D:4      | Found a staircase to the Ecumenical Temple.
  1508 | Temple   | Entered the Ecumenical Temple
  1705 | D:4      | Noticed a centaur
  1816 | D:4      | Killed a centaur
  1817 | D:4      | Reached XP level 6. HP: 40/55 MP: 5/5
  1843 | D:4      | Found a blossoming altar of Fedhas.
  1870 | D:4      | Noticed Ijyb
  1878 | D:4      | Killed Ijyb
  1879 | D:4      | Reached skill level 7 in Unarmed Combat
  1935 | D:4      | Found Orel's Gadget Shop.
  2201 | D:4      | Reached skill level 8 in Unarmed Combat
  2201 | D:4      | Reached XP level 7. HP: 53/61 MP: 6/6
  2289 | D:3      | Paralysed by Grinder for 2 turns
  2327 | D:3      | Killed Grinder
  2328 | D:3      | Reached skill level 9 in Unarmed Combat
  2433 | D:3      | Noticed Sigmund
  2439 | D:3      | Killed Sigmund
  2467 | D:3      | Noticed Robin
  2482 | D:3      | Killed Robin
  2485 | D:3      | Reached XP level 8. HP: 64/70 MP: 7/7
  2580 | D:3      | Found a burning altar of Makhleb.
  2644 | D:3      | Became a worshipper of Makhleb the Destroyer
  2929 | D:5      | Entered Level 5 of the Dungeon
  2935 | D:5      | Reached skill level 10 in Unarmed Combat
  3158 | D:5      | Reached skill level 11 in Unarmed Combat
  3693 | D:6      | Reached * piety under Makhleb
  3972 | D:6      | Found a sand-covered staircase.
  4014 | Ossuary  | Entered an ossuary
  4086 | Ossuary  | Reached XP level 9. HP: 61/76 MP: 8/8
  4454 | D:6      | Reached skill level 12 in Unarmed Combat
  5007 | D:7      | Reached ** piety under Makhleb
  5221 | D:8      | Noticed a troll
  5240 | D:8      | Killed a troll
  5290 | D:7      | Reached skill level 1 in Armour
  5423 | D:8      | Noticed a red ugly thing
  5537 | D:4      | Bought a wand of acid (8) for 264 gold pieces
  5645 | D:8      | Killed a red ugly thing
  5871 | D:8      | Reached XP level 10. HP: 92/92 MP: 9/9
  6025 | D:8      | Reached *** piety under Makhleb
  6033 | D:8      | Found an ornate altar of the Wu Jian Council.
  6171 | D:8      | Found a staircase to the Lair.
  6210 | Lair:1   | Entered Level 1 of the Lair of Beasts
  6313 | Lair:1   | Found a frozen archway.
  6318 | IceCv    | Entered an ice cave
  6414 | IceCv    | Noticed an ice statue
  7170 | D:9      | Reached skill level 5 in Dodging
  7241 | D:9      | Reached skill level 5 in Fighting
  7341 | D:9      | Reached skill level 5 in Armour
  7480 | D:10     | Entered Level 10 of the Dungeon
  7772 | D:10     | Reached **** piety under Makhleb
  7913 | D:10     | Reached skill level 13 in Unarmed Combat
  8024 | D:10     | Found a staircase to the Orcish Mines.
  8117 | D:10     | Noticed Joseph
  8155 | D:10     | Killed Joseph
  8156 | D:10     | Reached XP level 11. HP: 83/104 MP: 10/10
  8247 | D:10     | Found Tilomm's Gadget Boutique.
  8253 | D:10     | Bought a wand of acid (8) for 336 gold pieces
  8463 | Orc:1    | Entered Level 1 of the Orcish Mines
  8508 | Orc:1    | Reached ***** piety under Makhleb
  8555 | Orc:1    | Found a roughly hewn altar of Beogh.
  8660 | Orc:1    | Noticed a two-headed ogre
  8672 | Orc:1    | Killed a two-headed ogre
  8685 | Orc:1    | Noticed an orc sorcerer
  8694 | Orc:1    | Found a flagged portal.
  8701 | Bailey   | Entered a bailey
  9099 | Bailey   | Noticed an orc knight
  9099 | Bailey   | Noticed an orc knight
  9133 | Bailey   | Killed an orc knight
  9147 | Bailey   | Killed an orc knight
  9192 | Bailey   | Got an ancient platinum ring
  9194 | Bailey   | Got masterwork steam dragon scales
  9197 | Bailey   | Got a jewelled cloak
  9208 | Bailey   | Identified the +0 cloak of the Volcano {rElec Str+5} (You
                  | found it in a bailey)
  9209 | Bailey   | Identified the +0 steam dragon scales of Gestures {rElec
                  | Int+4} (You found it in a bailey)
  9393 | Orc:1    | Killed an orc sorcerer
  9903 | Orc:2    | Entered Level 2 of the Orcish Mines
 10046 | Orc:2    | Found a staircase to the Elven Halls.
 10160 | Orc:2    | Found Qiowkud's General Store.
 10212 | Orc:2    | Noticed an orc knight
 10227 | Orc:2    | Noticed an orc high priest
 10229 | Orc:2    | Killed an orc knight
 10236 | Orc:2    | HP: 5/107 [orc warrior/+0 trident (24)]
 10239 | Orc:2    | Slain by an orc warrior

Illustrated notes

Levels and vault maps discovered:
D:1:      lemuel_arrival_rhombus, layout_loops_ring, serial_bayou_pond_a
D:2:      layout_basic, gammafunk_temple_overflow_wave, uniq_natasha,
          uniq_jessica
D:3:      layout_basic, lemuel_round_altar, hangedman_decor_riveting,
          uniq_robin, uniq_grinder, uniq_sigmund
D:4:      cheibrodos_thug_alley, layout_cave_pools, minmay_temple_entry_trees,
          serial_shops, shop, fedhas_bush_and_centaur_altar, uniq_ijyb
D:5:      layout_loops_ring
D:6:      layout_basic, nicolae_ossuary_entry_false_entrances
D:7:      layout_basic, kennysheep_windowed_goal
D:8:      layout_loops_corners, old_standard_altar, erik_lair_island,
          kennysheep_crisscross
D:9:      layout_roguey, st_stairs_8, kennysheep_nub
D:10:     layout_irregular_city, erik_orc_3, serial_shops, shop, uniq_joseph
Temple:   regret_index_temple_mists
Lair:1:   layout_gridlike, portal_ice_cave_entry_pillars_1, st_stairs_11,
          small_statue_intersection, grunt_forest_large_clearing_hut
Orc:1:    layout_caves, basic_altar, enter_bailey_4
Orc:2:    st_orc_pillars, layout_caves, serial_shops, shop_statue

Skill      XL: |  1  2  3  4  5  6  7  8  9 10 11 |
---------------+----------------------------------+-----
Unarmed Combat | 4 5 6 8 9 11 12 13 | 13.7
Fighting       | 3 5 6 |  6.7
Dodging        | 3 5 6 |  6.7
Armour         | 3 5 6 |  6.6
Throwing       | |  1.7

Action                   |  1- 3 |  4- 6 |  7- 9 | 10-12 || total
-------------------------+-------+-------+-------+-------++-------
Melee: Unarmed           |    75 |   136 |   298 |   437 ||   946
       Punch             |       |     1 |    16 |    29 ||    46
Throw: Throwing net      |       |       |     2 |     3 ||     5
       Boomerang         |       |       |       |    79 ||    79
       Javelin           |       |       |       |     2 ||     2
Evoke: Wand              |       |       |     2 |    15 ||    17
  Use: Scroll            |     3 |     4 |    11 |     4 ||    22
 Stab: Distracted        |     1 |       |       |       ||     1
       Sleeping          |       |     2 |       |     2 ||     4
       Paralysed         |       |       |     2 |       ||     2
       Held in net/web   |       |       |     1 |     1 ||     2
Armor: Robe              |    22 |    48 |    67 |       ||   137
       Troll leather arm |       |       |    24 |       ||    24
       Acid dragon scale |       |       |     1 |   171 ||   172
Dodge: Dodged            |    51 |    53 |   136 |   298 ||   538

Table legend: (Time is in decaauts)
 A = Elapsed time spent in this place.
 B = Non-inter-level travel time spent in this place.
 C = Inter-level travel time spent in this place.
 D = Time resting spent in this place.
 E = Time spent auto-exploring this place.
 F = Levels seen in this place.
 G = Mean time per level.
                   A        B        C        D        E       F      G
               +--------+--------+--------+--------+--------+-----+--------+
         Total |  10143 |   9536 |    607 |    877 |   6255 |  17 |  596.6 |
       Dungeon |   7666 |   7194 |    472 |    571 |   5024 |  10 |  766.6 |
        Temple |    228 |    206 |     22 |      0 |    204 |   1 |  228.0 |
          Lair |    128 |     92 |     36 |     87 |      0 |   1 |  128.0 |
  Orcish Mines |   1106 |   1030 |     76 |     24 |    636 |   2 |  553.0 |
       Ossuary |    189 |    189 |      0 |      0 |    106 |   1 |  189.0 |
        Bailey |    644 |    644 |      0 |    195 |    204 |   1 |  644.0 |
      Ice Cave |    179 |    179 |      0 |      0 |     79 |   1 |  179.0 |
               +--------+--------+--------+--------+--------+-----+--------+

Top non-repeatable levels by time:
     D:8: 966 daAuts
    D:10: 958 daAuts
     D:6: 887 daAuts
   Orc:1: 838 daAuts
     D:4: 801 daAuts
     D:5: 754 daAuts
     D:7: 711 daAuts
     D:3: 699 daAuts
     D:1: 660 daAuts
  Bailey: 644 daAuts
     D:2: 618 daAuts
     D:9: 606 daAuts
   Orc:2: 267 daAuts
  Temple: 228 daAuts
 Ossuary: 189 daAuts
